 Dungeon Crawl Stone Soup version 0.30-a0-778-g2ef04afb54 (webtiles) character file.

Game seed: 6621273848581354982

128 horus123 the Magician (level 4, -5/24 HPs)
             Began as a Deep Elf Conjurer on Feb 16, 2023.
             Slain by Duvessa
             ... wielding a +4 short sword of electrocution
              (15 damage)
             ... on level 4 of the Dungeon.
             The game lasted 00:05:48 (3244 turns).

horus123 the Magician (Deep Elf Conjurer)           Turns: 3244, Time: 00:05:49

Health: -5/24      AC:  3    Str:  4    XL:     4   Next: 87%
Magic:  6/14       EV: 12    Int: 25    God:
Gold:   190        SH:  0    Dex: 13    Spells: 13/16 levels left

rFire   . . .      SeeInvis .    m - +2 dagger (holy)
rCold   . . .      Faith    .    (no shield)
rNeg    + . .      Spirit   .    a - +0 robe
rPois   .          Reflect  .    (no helmet)
rElec   .          Harm     .    w - +0 cloak
rCorr   .          Rampage  .    (no gloves)
Will    .....                    (no boots)
Stlth   ++                       (no amulet)
HPRegen 0.24/turn                u - ring of positive energy
MPRegen 0.14/turn                (no ring)

@: no status effects
A: no striking features
a: no special abilities


You were on level 4 of the Dungeon.
You visited 1 branch of the dungeon, and saw 4 of its levels.

You collected 190 gold pieces.

Inventory:

Hand Weapons
 l - a +0 dagger
 m - a +2 dagger of holy wrath (weapon)
Missiles
 c - 6 poisoned darts
 g - 3 throwing nets
 q - 4 datura-tipped darts
 s - 3 atropa-tipped darts
Armour
 a - a +0 robe (worn)
 w - a +0 cloak (worn)
Jewellery
 u - a ring of positive energy (left hand)
Wands
 o - a wand of roots (9)
Scrolls
 d - 2 scrolls of poison
 f - a scroll of fear {unknown}
 h - 2 scrolls of teleportation {unknown}
 i - 3 scrolls of magic mapping
 p - 2 scrolls of brand weapon {unknown}
 r - a scroll of blinking {unknown}
Potions
 e - a potion of curing {unknown}
 j - a potion of heal wounds {unknown}
 k - a potion of berserk rage {unknown}
 n - a potion of attraction {unknown}
 t - a potion of ambrosia {unknown}
 v - a potion of magic


   Skills:
 - Level 2.4 Dodging
 - Level 2.4 Stealth
 + Level 6.9 Spellcasting
 - Level 4.4 Conjurations


You had 13 spell levels left.
You knew the following spells:

 Your Spells              Type           Power      Damage    Failure   Level
a - Magic Dart            Conj           100%       1d8       1%          1
b - Searing Ray           Conj           60%        2d6       1%          2

Your spell library contained the following spells:

 Spells                   Type           Power      Damage    Failure   Level
 Dazzling Flash           Conj/Hex       38%        N/A       9%          3
 Ensorcelled Hibernation  Hex/Ice        16%        N/A       11%         2
 Passwall                 Tmut/Erth      6%         N/A       11%         2
 Swiftness                Air            8%         N/A       21%         3
 Fulminant Prism          Conj/Hex       9%         3d7       26%         4
 Iskenderun's Mystic Bla  Conj/Tloc      19%        2d6       26%         4


Dungeon Overview and Level Annotations

Branches:
Dungeon (4/15)
 Temple: D:4-7

Altars:
Xom

Annotations:
D:4 1 runed translucent door, Dowan; Duvessa; retardedninja's ghost, novice GrFi


Message History

You hear a shout!
The orc falls through a shaft!
The shaft crumbles and collapses.
Dowan, Brother of Duvessa comes into view.
He is wielding a +0 dagger.
The magic dart hits the endoplasm.
The endoplasm is severely wounded.
Dowan shouts!
The magic dart hits the endoplasm.
You kill the endoplasm!
Duvessa, Sister of Dowan comes into view.
She is wielding a +4 short sword of electrocution.
The magic dart hits Dowan!
Dowan is moderately wounded.
Dowan casts a spell at you. The puff of flame misses you.
The magic dart hits Dowan.
Dowan is heavily wounded.
The magic dart hits Dowan.
Dowan is severely wounded.
Dowan mumbles some strange words.
Dowan blinks!
The magic dart hits Dowan.
Dowan is almost dead.
The magic dart hits Duvessa but does no damage.
Casting: Magic Dart (safe; 1% risk of failure)
Confirm with . or Enter, or press ? or * to list all spells.
You don't know that spell.
Dowan points at Duvessa and mumbles some strange words.
Duvessa seems to speed up.
Duvessa hits you with a +4 short sword of electrocution!
Casting: Magic Dart (safe; 1% risk of failure)
Confirm with . or Enter, or press ? or * to list all spells.
Aiming: Searing Ray (safe; 1% risk of failure)
Press: ? - help, Shift-Dir - straight line, f/p - Duvessa
Aim: Duvessa, wielding a +4 short sword of electrocution and wearing a +0 ring mail (fast, 85% to hit)
The searing ray hits Duvessa.
Duvessa is lightly wounded. (Press . to maintain the ray.) Duvessa hits you with a +4 short sword of electrocution!
You are electrocuted!
Ouch! That really hurt!
You die...

# #..##... ##......... ##
#..# #..####.......... .##
#..# #.....e...##..... ..##
##..# #.......## ... #..#
#...# ###....## # #..# #...#
###.## #..## ###..# #.##
#...####....#########..######
................@e...........
..................)..........
(.....~~~.~.~~~....~~~~~.~~~.
(....~≈~≈~~~≈~~~~~~~≈≈≈~≈~~~~
.....~≈≈≈≈≈≈≈~≈≈~≈≈≈≈≈≈≈≈~≈~≈
...(~~≈≈≈≈≈≈≈~≈≈≈≈≈≈≈≈≈≈≈≈≈##
#++#########################


You could see Duvessa (fast).

Vanquished Creatures
  An iguana (D:4)
  3 adders
  2 worms
  A dart slug (D:3)
  3 orcs
  5 endoplasms
  A giant cockroach (D:3)
  4 goblins
  7 hobgoblins
  10 kobolds
  5 quokkas
  5 ball pythons
  8 bats
  2 frilled lizards
  5 rats
62 creatures vanquished.

Notes
Turn   | Place    | Note
-------+----------+-------------------------------------------
     0 | D:1      | horus123 the Deep Elf Conjurer began the quest for the Orb.
     0 | D:1      | Reached XP level 1. HP: 10/10 MP: 6/6
   396 | D:1      | Reached XP level 2. HP: 15/15 MP: 3/8
   399 | D:1      | Reached skill level 4 in Spellcasting
   847 | D:1      | Learned a level 2 spell: Searing Ray
   853 | D:2      | Reached XP level 3. HP: 19/19 MP: 6/11
   911 | D:2      | Reached skill level 5 in Spellcasting
  1507 | D:2      | Found a faded altar of an unknown god.
  1834 | D:3      | Reached XP level 4. HP: 24/24 MP: 4/13
  2049 | D:3      | Reached skill level 6 in Spellcasting
  2410 | D:3      | Found a shimmering altar of Xom.
  2875 | D:4      | Noticed retardedninja's ghost (novice GrFi)
  2915 | D:4      | Found a runed translucent door.
  3225 | D:4      | Noticed Dowan
  3227 | D:4      | Noticed Duvessa
  3244 | D:4      | Slain by Duvessa

Illustrated notes

Levels and vault maps discovered:
D:1:      tekkud_arrival_beachfront_property, layout_rooms,
          minmay_shallow_snake_nest
D:2:      layout_loops_ring, hellmonk_ecumenical_altar_arch_garden
D:3:      layout_basic, lemuel_tele_altar
D:4:      minmay_goblin_kobold_castle, layout_layer_cave,
          hellmonk_ghost_happy_afterlife, uniq_duvessa

Skill      XL: |  1  2  3  4 |
---------------+-------------+-----
Spellcasting   | 4 5 6 |  6.9
Dodging        | |  2.4
Stealth        | |  2.4
Conjurations   | |  4.4

Action                     |  1- 3 |  4- 6 || total
---------------------------+-------+-------++-------
   Cast: Magic Dart        |    88 |    37 ||   125
         Searing Ray       |     1 |     3 ||     4
    Use: Potion            |     1 |       ||     1
         Scroll            |       |     2 ||     2
 Armour: Robe              |       |     1 ||     1
  Dodge: Dodged            |     7 |     4 ||    11

Table legend: (Time is in decaauts)
 A = Elapsed time spent in this place.
 B = Non-inter-level travel time spent in this place.
 C = Inter-level travel time spent in this place.
 D = Time resting spent in this place.
 E = Time spent auto-exploring this place.
 F = Levels seen in this place.
 G = Mean time per level.
                   A        B        C        D        E       F      G
               +--------+--------+--------+--------+--------+-----+--------+
         Total |   3244 |   3164 |     80 |     44 |   2523 |   4 |  811.0 |
       Dungeon |   3244 |   3164 |     80 |     44 |   2523 |   4 |  811.0 |
               +--------+--------+--------+--------+--------+-----+--------+

Top non-repeatable levels by time:
     D:3: 1061 daAuts
     D:2: 964 daAuts
     D:1: 847 daAuts
     D:4: 370 daAuts
